 Dungeon Crawl Stone Soup version 0.31-a0-204-g7da18cac08 (webtiles) character file.

Game seed: 7897596497117840441

120 123456 the Trooper (level 4, -9/41 HPs)
             Began as a Minotaur Fighter on June 27, 2023.
             Killed from afar by Natasha (11 damage)
             ... with a magic dart
             ... on level 2 of the Dungeon.
             The game lasted 00:02:38 (1450 turns).

123456 the Trooper (Minotaur Fighter)               Turns: 1450, Time: 00:02:40

Health: -9/41      AC:  0    Str: 22    XL:     4   Next: 75%
Magic:  2/2        EV: 18    Int:  3    God:
Gold:   71         SH:  0    Dex: 15    Spells: 3/3 levels left

rFire   . . .        a - melded +0 flail
rCold   . . .        c - melded +0 buckler
rNeg    . . .        b - melded +0 scale mail
rPois   .            (helmet currently unavailable)
rElec   .            (cloak currently unavailable)
rCorr   .            (gloves currently unavailable)
SInv    .            (boots currently unavailable)
Will    .....        f - amulet of the acrobat
Stlth   +            (ring currently unavailable)
HPRegen 0.26/turn    (ring currently unavailable)
MPRegen 0.08/turn

%: acrobat
@: bat-form, flying, very quick
A: fast, flying, no casting, tiny, (horns 2), (retaliatory headbutt), dopey 1,
low MP 1
a: no special abilities


You were on level 2 of the Dungeon.
You were a bat.
You visited 1 branch of the dungeon, and saw 2 of its levels.

You collected 71 gold pieces.

Inventory:

Hand Weapons
 a - a +0 flail (melded)
Missiles
 g - 2 throwing nets
Armour
 b - a +0 scale mail (melded)
 c - a +0 buckler (melded)
Jewellery
 f - an amulet of the acrobat (around neck)
Scrolls
 e - 2 scrolls of teleportation {unknown}
Potions
 d - a potion of might


   Skills:
 * Level 4.9 Fighting
 * Level 4.0 Maces & Flails
 + Level 4.2 Armour
 + Level 1.6 Dodging
 - Level 3.6 Shields


You had 3 spell levels left.
You didn't know any spells.
Your spell library contained the following spells:

 Spells                   Type           Power      Damage    Failure   Level
 Sting                    Tmut/Pois      0%         1d3       52%         1
 Poisonous Vapours        Pois/Air       0%         N/A       67%         2
 Gell's Gravitas          Tloc           0%         N/A       88%         3
 Teleport Other           Tloc           0%         N/A       88%         3
 Olgreb's Toxic Radiance  Pois           0%         N/A       99%         4
 Dispersal                Tloc           0%         N/A       100%        6


Dungeon Overview and Level Annotations

Branches:
Dungeon (2/15)

Altars:

Annotations:
D:2 Natasha


Innate Abilities, Weirdness & Mutations

You are a bat.
You are tiny and dextrous.
You move quickly.
You are flying.
Your equipment is almost entirely melded.
You are incapable of wielding weapons or throwing items.
You cannot cast spells.
((You have a pair of horns on your head.))
((You reflexively headbutt those who attack you in melee.))
You are dopey. (Int -2)
Your magical capacity is low. (-10% MP)


Message History

Found an escape hatch in the floor.
Natasha wildly gestures.
You feel troubled.
Natasha zaps a wand.
You turn into a bat.
Your +0 flail melds into your body.
Your +0 buckler melds into your body.
Your +0 scale mail melds into your body.
You hit Natasha.
Natasha is lightly wounded.
Natasha barely misses you.
The cerulean imp hits you from afar with a +1 spear.
You barely miss Natasha.
Natasha is lightly wounded.
Natasha claws you. The cerulean imp closely misses you.
You hit Natasha but do no damage.
Natasha is lightly wounded.
Natasha claws you.
The cerulean imp hits you from afar with a +1 spear.
You hit Natasha but do no damage.
Natasha is lightly wounded.
Natasha claws you! The cerulean imp misses you.
You are too injured to fight recklessly!
Unknown command.
You hit Natasha but do no damage.
Natasha is lightly wounded.
Natasha closely misses you.
You hit Natasha.
Natasha is moderately wounded.
The cerulean imp hits you from afar with a +1 spear.
Natasha misses you.
You barely miss Natasha.
Natasha is moderately wounded.
The cerulean imp misses you. Natasha claws you!
* * * LOW HITPOINT WARNING * * *
It was a potion of mutation.
You feel extremely strange.
You feel less energetic.
You feel stupid.
The cerulean imp hits you from afar with a +1 spear.
* * * LOW HITPOINT WARNING * * *
Natasha casts a spell at you. The magic dart hits you!
You die...

...######
.........
....#####
.......... ###
....#####..
..# ....# ...#
#.# ....#
>#...###.#
###.#
.........##
#.# #5hb!.#
#.# #####.#
#†# #.# #.#
#.# #.#
######### #.#
###.#
#.......# #.#
....#
#.#####.# #.##
.#### #...#
#.# #..# .
.#########.#
#.####.###...#


You could see Natasha and a cerulean imp (summoned).

Vanquished Creatures
  Natasha (twice) (D:2)
  3 gnolls (D:2)
  4 endoplasms
  A giant cockroach (D:1)
  4 goblins (D:1)
  4 hobgoblins
  7 jackals
  2 kobolds (D:1)
  4 quokkas (D:1)
  A ball python (D:1)
  3 bats
  4 rats
39 creatures vanquished.

Notes
Turn   | Place    | Note
-------+----------+-------------------------------------------
     0 | D:1      | 123456 the Minotaur Fighter began the quest for the Orb.
     0 | D:1      | Reached XP level 1. HP: 19/19 MP: 0/0
   129 | D:1      | Reached XP level 2. HP: 25/27 MP: 1/1
   577 | D:1      | Reached XP level 3. HP: 33/33 MP: 2/2
   589 | D:1      | Reached skill level 1 in Dodging
  1000 | D:2      | Noticed Natasha
  1243 | D:2      | Killed Natasha
  1244 | D:2      | Reached XP level 4. HP: 31/41 MP: 3/3
  1281 | D:2      | Noticed Natasha
  1289 | D:2      | Killed Natasha
  1440 | D:2      | Noticed Natasha
  1450 | D:2      | Gained mutation: Your magical capacity is low. (-10% MP)
                  | [potion of mutation]
  1450 | D:2      | Gained mutation: You are dopey. (Int -2) [potion of
                  | mutation]
  1450 | D:2      | HP: 2/41 [cerulean imp/+1 spear[Natasha] (2)]
  1450 | D:2      | Killed from afar by Natasha

Illustrated notes

Levels and vault maps discovered:
D:1:      co_arrival_random_square_maze, layout_basic
D:2:      layout_basic, uniq_natasha, uniq_jessica

Skill      XL: |  1  2  3  4 |
---------------+-------------+-----
Fighting       | 4 |  4.9
Maces & Flails | 3 4 |  4.0
Dodging        | 1 |  1.6
Armour         | 4 |  4.2
Shields        | |  3.6

Action                     |  1- 3 |  4- 6 || total
---------------------------+-------+-------++-------
  Melee: Flail             |    75 |    13 ||    88
         Headbutt          |    11 |       ||    11
         Unarmed           |       |     7 ||     7
    Use: Potion            |       |     1 ||     1
 Armour: Scale mail        |    20 |     6 ||    26
  Dodge: Dodged            |    49 |    21 ||    70
  Block: Buckler           |    17 |     3 ||    20

Table legend: (Time is in decaauts)
 A = Elapsed time spent in this place.
 B = Non-inter-level travel time spent in this place.
 C = Inter-level travel time spent in this place.
 D = Time resting spent in this place.
 E = Time spent auto-exploring this place.
 F = Levels seen in this place.
 G = Mean time per level.
                   A        B        C        D        E       F      G
               +--------+--------+--------+--------+--------+-----+--------+
         Total |   1483 |   1450 |     33 |    306 |    898 |   2 |  741.5 |
       Dungeon |   1483 |   1450 |     33 |    306 |    898 |   2 |  741.5 |
               +--------+--------+--------+--------+--------+-----+--------+

Top non-repeatable levels by time:
     D:1: 1222 daAuts
     D:2: 261 daAuts
